 Dungeon Crawl Stone Soup version 0.29.1-12-g30fa7ad0bf (webtiles) character file.

Game seed: 3937010503745000437

105 MisterFreud the Twirler (level 5, 0/38 HPs)
             Began as a Formicid Gladiator on Dec 13, 2022.
             Slain by an orc
             ... wielding a +0 trident
              (2 damage)
             ... on level 3 of the Dungeon.
             The game lasted 00:02:01 (2239 turns).

MisterFreud the Twirler (Formicid Gladiator)        Turns: 2239, Time: 00:02:02

Health: 0/38       AC:  3    Str: 20    XL:     5   Next: 8%
Magic:  5/5        EV: 12    Int:  8    God:
Gold:   78         SH:  0    Dex: 15    Spells: 4/4 levels left

rFire   . . .      SeeInvis +   a - +0 quarterstaff
rCold   . . .      Faith    .   (no shield)
rNeg    . . .      Spirit   .   b - +0 leather armour
rPois   .          Reflect  .   (helmet unavailable)
rElec   .          Harm     .   (no cloak)
rCorr   .          Rampage  .   (no gloves)
Will    .....                   (no boots)
Stlth   +.........              (no amulet)
HPRegen 0.12/turn               (no ring)
MPRegen 0.09/turn               (no ring)

@: no status effects
A: permanent stasis, dig shafts and tunnels, antennae 3, four strong arms
a: Dig, Shaft Self


You were on level 3 of the Dungeon.
You visited 1 branch of the dungeon, and saw 4 of its levels.

You collected 78 gold pieces.

Inventory:

Hand Weapons
 a - a +0 quarterstaff (weapon)
Missiles
 c - 3 throwing nets (quivered)
 d - a javelin
 k - 6 poisoned darts
Armour
 b - a +0 leather armour (worn)
Jewellery
 e - a ring of ice
 j - a ring of magical power
Scrolls
 f - a scroll of silence
Potions
 g - a potion of flight
 i - a potion of might


   Skills:
 - Level 2.1 Fighting
 + Level 5.4 Staves
 - Level 2.0 Throwing
 - Level 2.6 Dodging


You had 4 spell levels left.
You didn't know any spells.
Your spell library was empty.

Dungeon Overview and Level Annotations

Branches:
Dungeon (4/15)
 Temple: D:4-7

Altars:
Ru


Innate Abilities, Weirdness & Mutations

You cannot be hasted, slowed, berserked, paralysed or teleported.
You can dig through walls and to a lower floor.
You have a pair of large antennae on your head. (SInv)
Your four strong arms can wield two-handed weapons with a shield.


Message History

The orc wizard gestures at you while chanting.
You are confused.
You are too confused!
You closely miss the orc wizard.
The orc hits you from afar with a +0 trident.
The orc wizard hits you with a +1 dagger of protection.
You are too injured to fight recklessly!
You bump into the rock wall.
The orc wizard closely misses you.
The orc hits you from afar with a +0 trident.
You are too injured to fight recklessly!
You bump into the rock wall.
The orc barely misses you. The orc wizard misses you.
You bump into the rock wall.
The orc wizard gestures at you while chanting.
The puff of flame hits you.
The orc hits you from afar with a +0 trident.
You bump into the rock wall.
The orc barely misses you.
The orc wizard hits you with a +1 dagger of protection.
* * * LOW HITPOINT WARNING * * *
It was a potion of flight.
You feel very buoyant.
You fly up into the air.
The orc wizard closely misses you. The orc hits you but does no damage.
It was a potion of might.
You feel very mighty all of a sudden.
You feel less confused.
The orc wizard hits you with a +1 dagger of protection.
* * * LOW HITPOINT WARNING * * *
The orc hits you from afar with a +0 trident.
* * * LOW HITPOINT WARNING * * *
It was a potion of cancellation.
Your magical effects are unravelling.
You feel magically purged.
You float gracefully downwards.
You feel a little less mighty now.
The orc hits you from afar with a +0 trident.
* * * LOW HITPOINT WARNING * * *
The orc wizard completely misses you.
Are you sure you want to shaft yourself?
The orc wizard misses you.
The orc hits you from afar with a +0 trident.
You die...

#...# #......####.#
#..#######...........#
#>....................
##########......#####.
####.### #.# ###.#
#_..########.
#....@ooB....
#...######### #...# {
#...# #...# #.!.#
#...# #/.o


You could see an orc wizard, an orc and a giant cockroach.

Vanquished Creatures
  A necrophage (D:4)
  An adder (D:2)
  2 dart slugs
  An orc (D:3)
  3 goblins (D:1)
  3 hobgoblins (D:1)
  4 jackals (D:1)
  3 quokkas (D:1)
  2 ball pythons
  5 bats
  A frilled lizard (D:1)
  4 kobolds (D:1)
  A rat (D:1)
31 creatures vanquished.

Notes
Turn   | Place    | Note
-------+----------+-------------------------------------------
     0 | D:1      | MisterFreud the Formicid Gladiator began the quest for the
                  | Orb.
     0 | D:1      | Reached XP level 1. HP: 16/16 MP: 1/1
   574 | D:1      | Reached XP level 2. HP: 13/22 MP: 2/2
  1371 | D:1      | Reached skill level 4 in Staves
  1371 | D:1      | Reached XP level 3. HP: 21/27 MP: 3/3
  1724 | D:2      | You fall into a shaft and drop 2 floors!
  1995 | D:4      | Noticed a necrophage
  2005 | D:4      | Killed a necrophage
  2006 | D:4      | Reached skill level 5 in Staves
  2006 | D:4      | Reached XP level 4. HP: 16/33 MP: 4/4
  2006 | D:4      | Reached XP level 5. HP: 18/38 MP: 5/5
  2217 | D:3      | Found a sacrificial altar of Ru.
  2239 | D:3      | Slain by an orc

Illustrated notes

Levels and vault maps discovered:
D:1:      dpeg_arrival_arbitrary_b, layout_loops_ring, palyth_stone_intersect
D:2:      minmay_inner_zag, layout_rooms,
          shapermc_ecumenical_altar_mp_highgroup, minmay_hexomino_c4
D:3:      layout_basic, overflow_temple_1_default, led_sif_pool,
          grunt_temple_overflow_open, serial_shops, nicolae_shop_crystal
D:4:      layout_gridville, slow_altar_2, chequers_hall_statues_corner_a

Skill      XL: |  1  2  3 |
---------------+----------+-----
Staves         | 4 5 |  5.4
Fighting       | |  2.1
Throwing       | |  2.0
Dodging        | |  2.6

Action                   |  1- 3 |  4- 6 || total
-------------------------+-------+-------++-------
Melee: Quarterstaff      |   136 |    14 ||   150
       Punch             |     1 |       ||     1
 Abil: Shaft Self        |     1 |     1 ||     2
  Use: Scroll            |     1 |       ||     1
       Potion            |       |     3 ||     3
Armor: Leather armour    |    48 |     3 ||    51
Dodge: Dodged            |   140 |    18 ||   158
